[ PARTIDA AOE2 · #481248603 ]
1v1 RMLituanos vs Vietnamese
Equipo del jugador · VICT
[ ANÁLISIS DE REPETICIÓN · EXTRAÍDO DE LA PARTIDA GRABADA ]
Feudal
9:17
Castillos
22:37
Imperial
36:09
| APM promedio | 41.3 |
| APM pico | 94 |
| eAPM promedio | 20.1 |
| Aldeanos / militares | 155 / 199 |
Foco
⚔️ 37.3% · 🌾 62.7%
Skirmisher ×68 · Hand Cannoneer ×66 · Knight ×37 · Trebuchet (Packed) ×12 · Scout Cavalry ×10 · Monk ×2
Feudal
10:10
Castillos
22:07
Imperial
38:36
| APM promedio | 37.1 |
| APM pico | 80 |
| eAPM promedio | 19.5 |
| Aldeanos / militares | 248 / 255 |
Foco
⚔️ 34.0% · 🌾 66.0%
Fire Lancer ×163 · Cavalry Archer ×58 · Trebuchet (Packed) ×11 · Archer ×10 · Militia ×5 · Spearman ×4
Mapa de la partida
Recursos iniciales + cada clic de construcción. Líneas = muros · curvas = relieve. ◆ oro · ⬟ piedra · ● bayas · ✦ reliquia · ◌ hueco del cierre
Tu base· Abierta — flanco sin cerrar
Base de Maxtemplar07· Abierta — hueco de 6t
Terreno inicial suavizado · ◌ = hueco del cierre detectado · pasá el cursor para detalles
Inputs por minuto
— pnharrel - - Maxtemplar07
Build order — pnharrel
Primeras 150 de 542 acciones detectadas
| 0:02 | Crear | Villager (Male) |
| 0:02 | Crear | Villager (Male) |
| 0:02 | Crear | Villager (Male) |
| 0:04 | Construir | House |
| 0:05 | Construir | House |
| 0:16 | Crear | Villager (Male) |
| 0:16 | Crear | Villager (Male) |
| 0:33 | Crear | Villager (Male) |
| 1:34 | Crear | Villager (Male) |
| 1:46 | Construir | Lumber Camp |
| 2:06 | Crear | Villager (Male) |
| 2:35 | Crear | Villager (Male) |
| 3:11 | Crear | Villager (Male) |
| 3:11 | Crear | Villager (Male) |
| 3:28 | Construir | House |
| 3:37 | Crear | Villager (Male) |
| 3:57 | Construir | Mill |
| 4:59 | Crear | Villager (Male) |
| 5:19 | Crear | Villager (Male) |
| 5:20 | Crear | Villager (Male) |
| 5:20 | Crear | Villager (Male) |
| 5:20 | Crear | Villager (Male) |
| 5:25 | Crear | Villager (Male) |
| 5:38 | Construir | House |
| 6:57 | Investigar | Feudal Age |
| 7:14 | Construir | Lumber Camp |
| 8:08 | Construir | Barracks |
| 8:48 | Construir | House |
| 9:17 | Edad | Edad Feudal |
| 9:20 | Construir | Stable |
| 9:22 | Crear | Villager (Male) |
| 9:22 | Crear | Villager (Male) |
| 9:26 | Investigar | Double-Bit Axe |
| 10:03 | Construir | Blacksmith |
| 10:09 | Crear | Scout Cavalry |
| 10:10 | Crear | Scout Cavalry |
| 10:10 | Crear | Scout Cavalry |
| 10:12 | Crear | Villager (Male) |
| 10:13 | Crear | Villager (Male) |
| 10:19 | Construir | Farm |
| 10:30 | Investigar | Loom |
| 10:40 | Construir | Farm |
| 10:49 | Construir | Farm |
| 11:01 | Construir | Farm |
| 11:10 | Construir | Farm |
| 11:12 | Crear | Scout Cavalry |
| 11:23 | Investigar | Forging |
| 11:27 | Construir | Farm |
| 11:29 | Construir | Farm |
| 11:32 | Construir | House |
| 11:36 | Crear | Villager (Male) |
| 12:02 | Crear | Villager (Male) |
| 12:09 | Construir | Farm |
| 12:11 | Construir | Farm |
| 12:24 | Crear | Villager (Male) |
| 12:30 | Crear | Villager (Male) |
| 12:35 | Construir | Farm |
| 12:41 | Construir | House |
| 12:42 | Construir | House |
| 12:56 | Crear | Villager (Male) |
| 12:56 | Crear | Villager (Male) |
| 13:01 | Construir | Farm |
| 13:13 | Construir | House |
| 13:39 | Crear | Villager (Male) |
| 13:39 | Crear | Villager (Male) |
| 13:39 | Crear | Villager (Male) |
| 13:40 | Crear | Villager (Male) |
| 14:02 | Crear | Villager (Male) |
| 14:03 | Crear | Villager (Male) |
| 14:13 | Crear | Villager (Male) |
| 14:31 | Crear | Villager (Male) |
| 14:31 | Crear | Villager (Male) |
| 14:34 | Construir | Farm |
| 14:37 | Construir | Farm |
| 14:38 | Construir | Farm |
| 14:39 | Construir | Farm |
| 14:56 | Construir | Archery Range |
| 14:58 | Crear | Scout Cavalry |
| 15:01 | Crear | Scout Cavalry |
| 15:10 | Investigar | Scale Barding Armor |
| 15:16 | Construir | Mining Camp |
| 15:23 | Construir | Farm |
| 15:28 | Investigar | Horse Collar |
| 15:37 | Construir | Farm |
| 15:49 | Crear | Skirmisher |
| 15:49 | Crear | Skirmisher |
| 15:49 | Crear | Skirmisher |
| 15:53 | Investigar | Padded Archer Armor |
| 15:58 | Crear | Villager (Male) |
| 16:05 | Construir | Farm |
| 16:05 | Construir | Farm |
| 16:05 | Construir | Farm |
| 16:24 | Crear | Skirmisher |
| 16:25 | Crear | Villager (Male) |
| 16:26 | Crear | Villager (Male) |
| 16:29 | Construir | Farm |
| 16:34 | Construir | Farm |
| 16:51 | Investigar | Fletching |
| 17:03 | Crear | Skirmisher |
| 17:07 | Crear | Scout Cavalry |
| 17:10 | Crear | Villager (Male) |
| 17:10 | Crear | Villager (Male) |
| 17:12 | Construir | House |
| 17:12 | Construir | House |
| 17:14 | Construir | House |
| 17:14 | Construir | House |
| 17:34 | Crear | Villager (Male) |
| 17:34 | Crear | Villager (Male) |
| 17:35 | Crear | Villager (Male) |
| 17:46 | Construir | Farm |
| 18:21 | Crear | Villager (Male) |
| 18:21 | Crear | Villager (Male) |
| 19:21 | Crear | Villager (Male) |
| 19:21 | Crear | Villager (Male) |
| 19:21 | Crear | Villager (Male) |
| 19:22 | Crear | Villager (Male) |
| 19:57 | Investigar | Castle Age |
| 19:59 | Crear | Skirmisher |
| 20:10 | Crear | Skirmisher |
| 20:10 | Crear | Skirmisher |
| 20:26 | Construir | Mill |
| 20:30 | Investigar | Bloodlines |
| 20:39 | Construir | Lumber Camp |
| 21:15 | Crear | Villager (Male) |
| 21:15 | Crear | Villager (Male) |
| 21:36 | Crear | Skirmisher |
| 21:37 | Crear | Skirmisher |
| 21:37 | Crear | Skirmisher |
| 21:41 | Crear | Scout Cavalry |
| 21:42 | Crear | Scout Cavalry |
| 21:42 | Crear | Scout Cavalry |
| 22:37 | Edad | Edad de los Castillos |
| 22:37 | Crear | Skirmisher |
| 22:38 | Crear | Skirmisher |
| 22:38 | Crear | Skirmisher |
| 22:44 | Investigar | Bodkin Arrow |
| 22:47 | Crear | Knight |
| 22:48 | Crear | Knight |
| 22:57 | Crear | Villager (Male) |
| 22:57 | Crear | Villager (Male) |
| 22:57 | Crear | Villager (Male) |
| 23:59 | Construir | Town Center |
| 24:02 | Crear | Villager (Male) |
| 24:02 | Crear | Villager (Male) |
| 24:06 | Crear | Villager (Male) |
| 24:07 | Crear | Villager (Male) |
| 24:07 | Crear | Villager (Male) |
| 24:10 | Investigar | Chain Barding Armor |
| 24:22 | Crear | Knight |
| 24:43 | Construir | House |
Build order — Maxtemplar07
Primeras 150 de 429 acciones detectadas
| 0:01 | Crear | Villager (Male) |
| 0:01 | Crear | Villager (Male) |
| 0:01 | Crear | Villager (Male) |
| 0:02 | Crear | Villager (Male) |
| 0:04 | Construir | House |
| 0:06 | Construir | House |
| 1:27 | Crear | Villager (Male) |
| 1:28 | Crear | Villager (Male) |
| 1:28 | Crear | Villager (Male) |
| 2:03 | Crear | Villager (Male) |
| 2:04 | Crear | Villager (Male) |
| 2:14 | Crear | Villager (Male) |
| 2:14 | Crear | Villager (Male) |
| 2:40 | Construir | Mill |
| 2:55 | Crear | Villager (Male) |
| 2:56 | Crear | Villager (Male) |
| 3:09 | Crear | Villager (Male) |
| 3:10 | Crear | Villager (Male) |
| 3:46 | Crear | Villager (Male) |
| 3:52 | Crear | Villager (Male) |
| 3:53 | Crear | Villager (Male) |
| 3:57 | Construir | House |
| 4:24 | Crear | Villager (Male) |
| 4:24 | Crear | Villager (Male) |
| 4:52 | Crear | Villager (Male) |
| 5:07 | Crear | Villager (Male) |
| 5:07 | Crear | Villager (Male) |
| 5:43 | Crear | Villager (Male) |
| 5:53 | Construir | House |
| 6:05 | Investigar | Loom |
| 6:41 | Crear | Villager (Male) |
| 6:58 | Construir | Lumber Camp |
| 6:58 | Crear | Villager (Male) |
| 7:33 | Investigar | Loom |
| 8:00 | Investigar | Feudal Age |
| 8:35 | Construir | Mill |
| 9:21 | Construir | Mining Camp |
| 10:00 | Construir | Barracks |
| 10:03 | Construir | Farm |
| 10:04 | Construir | Farm |
| 10:05 | Crear | Villager (Male) |
| 10:10 | Edad | Edad Feudal |
| 10:11 | Investigar | Double-Bit Axe |
| 10:11 | Investigar | Double-Bit Axe |
| 10:11 | Investigar | Double-Bit Axe |
| 10:12 | Investigar | Horse Collar |
| 10:12 | Investigar | Horse Collar |
| 10:17 | Crear | Villager (Male) |
| 10:39 | Construir | Farm |
| 10:43 | Crear | Villager (Male) |
| 11:05 | Crear | Villager (Male) |
| 11:17 | Construir | Archery Range |
| 11:20 | Crear | Villager (Male) |
| 11:32 | Investigar | Wheelbarrow |
| 11:35 | Construir | House |
| 11:52 | Construir | Blacksmith |
| 11:56 | Crear | Villager (Male) |
| 11:59 | Construir | House |
| 12:05 | Construir | Palisade Wall |
| 12:10 | Construir | Palisade Wall |
| 12:13 | Crear | Villager (Male) |
| 12:21 | Crear | Archer |
| 12:22 | Crear | Archer |
| 12:22 | Crear | Archer |
| 12:28 | Construir | House |
| 12:31 | Construir | Palisade Wall |
| 12:37 | Construir | Farm |
| 12:47 | Crear | Villager (Male) |
| 13:00 | Construir | Farm |
| 13:01 | Crear | Villager (Male) |
| 13:03 | Construir | Farm |
| 13:10 | Crear | Spearman |
| 13:20 | Construir | House |
| 13:22 | Crear | Villager (Male) |
| 13:37 | Crear | Archer |
| 13:37 | Crear | Archer |
| 14:11 | Crear | Spearman |
| 14:46 | Crear | Villager (Male) |
| 14:49 | Construir | Farm |
| 14:49 | Construir | Farm |
| 14:50 | Construir | Farm |
| 14:50 | Construir | Farm |
| 14:53 | Crear | Villager (Male) |
| 15:13 | Construir | House |
| 15:19 | Construir | Palisade Wall |
| 15:21 | Crear | Villager (Male) |
| 15:40 | Construir | Palisade Wall |
| 15:42 | Construir | Palisade Wall |
| 15:43 | Crear | Villager (Male) |
| 15:50 | Crear | Villager (Male) |
| 15:57 | Crear | Spearman |
| 16:09 | Construir | Market |
| 16:11 | Crear | Villager (Male) |
| 16:18 | Crear | Villager (Male) |
| 16:20 | Crear | Spearman |
| 16:39 | Crear | Archer |
| 16:48 | Crear | Archer |
| 16:50 | Crear | Villager (Male) |
| 16:58 | Construir | Farm |
| 17:10 | Crear | Archer |
| 17:28 | Construir | Farm |
| 17:46 | Crear | Villager (Male) |
| 17:48 | Crear | Archer |
| 17:57 | Construir | Farm |
| 18:11 | Construir | Farm |
| 18:15 | Construir | Farm |
| 19:25 | Crear | Villager (Male) |
| 19:27 | Investigar | Castle Age |
| 19:36 | Construir | Farm |
| 19:53 | Construir | Palisade Wall |
| 20:52 | Construir | Lumber Camp |
| 21:20 | Construir | Lumber Camp |
| 22:01 | Investigar | Fletching |
| 22:07 | Edad | Edad de los Castillos |
| 22:18 | Investigar | Crossbowman (upgrade) |
| 22:24 | Crear | Villager (Male) |
| 22:30 | Construir | Town Center |
| 22:46 | Investigar | Bodkin Arrow |
| 22:49 | Crear | Villager (Male) |
| 23:28 | Crear | Villager (Male) |
| 23:28 | Crear | Villager (Male) |
| 23:28 | Crear | Villager (Male) |
| 23:28 | Crear | Villager (Male) |
| 23:37 | Construir | Town Center |
| 23:40 | Crear | Villager (Male) |
| 23:40 | Crear | Villager (Male) |
| 23:41 | Crear | Villager (Male) |
| 24:01 | Construir | Farm |
| 24:11 | Construir | Mining Camp |
| 24:26 | Construir | Stable |
| 24:33 | Construir | House |
| 24:34 | Crear | Villager (Male) |
| 24:46 | Investigar | Bow Saw |
| 24:46 | Investigar | Heavy Plow |
| 24:52 | Investigar | Scale Barding Armor |
| 24:56 | Crear | Villager (Male) |
| 24:57 | Crear | Villager (Male) |
| 24:59 | Crear | Cavalry Archer |
| 25:00 | Crear | Cavalry Archer |
| 25:07 | Crear | Villager (Male) |
| 25:08 | Crear | Villager (Male) |
| 25:11 | Crear | Villager (Male) |
| 25:12 | Crear | Villager (Male) |
| 25:12 | Crear | Villager (Male) |
| 25:14 | Crear | Cavalry Archer |
| 25:35 | Crear | Villager (Male) |
| 25:36 | Crear | Villager (Male) |
| 25:51 | Construir | Monastery |
| 25:57 | Construir | House |
| 26:00 | Crear | Cavalry Archer ×2 |
Cronología de la partida
| 8:08 | pnharrel · first_building Barracks |
| 9:17 | pnharrel · age_up feudal |
| 9:20 | pnharrel · first_building Stable |
| 10:00 | Maxtemplar07 · first_building Barracks |
| 10:10 | Maxtemplar07 · age_up feudal |
| 11:17 | Maxtemplar07 · first_building Archery Range |
| 12:05 | Maxtemplar07 · wall_segment Palisade Wall x1 |
| 12:10 | Maxtemplar07 · wall_segment Palisade Wall x5 |
| 12:31 | Maxtemplar07 · wall_segment Palisade Wall x2 |
| 14:56 | pnharrel · first_building Archery Range |
| 15:19 | Maxtemplar07 · wall_segment Palisade Wall x5 |
| 15:40 | Maxtemplar07 · wall_segment Palisade Wall x1 |
| 15:42 | Maxtemplar07 · wall_segment Palisade Wall x1 |
| 19:53 | Maxtemplar07 · wall_segment Palisade Wall x1 |
| 22:07 | Maxtemplar07 · age_up castle |
| 22:37 | pnharrel · age_up castle |
| 24:26 | Maxtemplar07 · first_building Stable |
| 24:56 | pnharrel · first_building Monastery |
| 25:51 | Maxtemplar07 · first_building Monastery |
| 29:56 | Maxtemplar07 · first_building Castle |
| 30:27 | pnharrel · first_building Siege Workshop |
| 32:53 | Maxtemplar07 · wall_segment Palisade Wall x1 |
| 35:25 | Maxtemplar07 · first_market_sell 100 food |
| 36:09 | pnharrel · age_up imperial |
| 37:06 | pnharrel · first_market_buy 100 stone |
| 37:12 | pnharrel · first_building Castle |
| 38:36 | Maxtemplar07 · age_up imperial |
| 38:57 | Maxtemplar07 · first_market_buy 500 stone |
| 39:13 | Maxtemplar07 · wall_segment Palisade Wall x1 |
| 39:16 | Maxtemplar07 · wall_segment Palisade Wall x1 |
| 39:42 | Maxtemplar07 · wall_segment Palisade Wall x1 |
| 40:21 | pnharrel · first_market_sell 100 wood |
| 49:13 | Maxtemplar07 · wall_segment Palisade Wall x1 |
| 53:32 | Maxtemplar07 · resign |
[ ANÁLISIS IA · 1 CRÉDITO ]
¿Qué pasó realmente en esta partida?
Wolo.gg analiza cada decisión: build order, eco, micro, errores típicos por bracket. Análisis personalizado por WhatsApp o Discord en 30 segundos.
Guía civ
Lituanos
Guía mapa
Kilimanjaro
Perfil
pnharrel